 Dungeon Crawl Stone Soup version 0.22.1-2-g9c5b331 (webtiles) character file.

163 diana the Sneak (level 5, -3/38 HPs)
             Began as a Demonspawn Assassin on Dec 28, 2018.
             Killed from afar by Sigmund (4 damage)
             ... with a puff of flame
             ... on level 2 of the Dungeon.
             The game lasted 00:03:40 (1947 turns).

diana the Sneak (Demonspawn Assassin)               Turns: 1947, Time: 00:03:41

Health: -3/38      AC:  7    Str: 12    XL:     5   Next: 20%
Magic:  5/5        EV: 17    Int: 12    God:
Gold:   55         SH:  0    Dex: 20    Spells: 4/4 levels left

rFire    . . .     SeeInvis .   b - +0 blowgun
rCold    + . .     Gourm    .   (no shield)
rNeg     . . .     Faith    .   h - +0 robe (curse)
rPois    .         Spirit   .   (no helmet)
rElec    .         Reflect  +   d - +0 cloak
rCorr    .         Harm     .   n - +0 pair of gloves
MR       .....                  (no boots)
Stlth    ++........             j - +3 amulet of reflection
HPRegen  0.12/turn              (no ring)
MPRegen  0.09/turn              (no ring)

@: confused, agile, berserk cooldown, flying, slowed, very slow
A: icy blue scales 2, cold resistance 1
a: no special abilities


You were on level 2 of the Dungeon.
You were not hungry.

You visited 1 branch of the dungeon, and saw 2 of its levels.

You collected 55 gold pieces.

Inventory:

Hand Weapons
 a - a +2 dagger
 b - a +0 blowgun (weapon)
Missiles
 e - 5 poisoned needles
 f - a curare-tipped needle (quivered)
Armour
 c - a +0 robe
 d - a +0 cloak (worn)
 h - a cursed +0 robe (worn)
 n - a +0 pair of gloves (worn)
Jewellery
 j - a +3 amulet of reflection (around neck)
Wands
 o - a wand of disintegration (14)
Scrolls
 i - 2 scrolls of identify {unknown}
Potions
 m - a potion of berserk rage
Comestibles
 g - 3 rations


   Skills:
 - Level 2.0 Fighting
 + Level 3.1 Short Blades
 - Level 2.0 Throwing
 - Level 1.0 Dodging
 * Level 5.5 Stealth


You had 4 spell levels left.
You didn't know any spells.
Your spell library was empty.

Dungeon Overview and Level Annotations

Branches:
Dungeon (2/15)

Altars:
Zin

Annotations:
D:2 Sigmund


Innate Abilities, Weirdness & Mutations

You are mostly covered in icy blue scales. (AC +3)
Your flesh is cold resistant. (rC+)


Message History

Things that are here:
a poisoned needle; a curare-tipped needle You hear some strange, mumbled words.
You are confused.
You're too confused to move!
You feel your anger nearly subside. The adder barely misses you.
You're too confused to move!
You are no longer berserk.
You are exhausted.
You feel yourself slow down.
A magic dart appears from out of thin air!
The magic dart hits you!
* * * LOW HITPOINT WARNING * * *
The adder bites you but does no damage.
You feel agile all of a sudden. The adder completely misses you.
A puff of flame appears from out of thin air!
The puff of flame hits you!
You die...

.#..........##..###### #...# #.
...##....#.....#.....## #.#.# ##.
......................###.#.# #..
...#####....................# #..
[..# #.........>..........###..
..######................###......
......##...............## #####..
.####..#..[............# #....
...###.#........@......######.#..
...# #.##......S......##......#..
...###.....(...#.....###...(..#.#
..###.........(###.#####........#
..........###..# .# ##.......###
.....#..### #..# .. .........#
##.....### #.... .#..#####.##
.........######..# #..######..##
................... ...........#


You could see an adder.

Vanquished Creatures
  An ogre (D:2)
  Terence (D:2)
  4 worms (D:2)
  2 dart slugs
  4 bats
  2 giant cockroaches
  7 goblins
  6 hobgoblins
  4 jackals (D:2)
  A frilled lizard (D:2)
  6 kobolds (D:1)
  3 rats
41 creatures vanquished.

Notes
Turn   | Place    | Note
-------+----------+-------------------------------------------
     0 | D:1      | diana the Demonspawn Assassin began the quest for the Orb.
     0 | D:1      | Reached XP level 1. HP: 16/16 MP: 1/1
    54 | D:1      | Reached skill level 1 in Dodging
   305 | D:1      | Gained mutation: You are partially covered in icy blue
                  | scales. (AC +2) [demonic ancestry]
   305 | D:1      | Reached XP level 2. HP: 4/22 MP: 2/2
   606 | D:1      | Reached skill level 4 in Stealth
   936 | D:2      | Gained mutation: Your flesh is cold resistant. (rC+)
                  | [demonic ancestry]
   936 | D:2      | Reached XP level 3. HP: 27/27 MP: 3/3
  1014 | D:2      | Noticed Terence
  1059 | D:2      | Killed Terence
  1059 | D:2      | Gained mutation: You are mostly covered in icy blue scales.
                  | (AC +3) [demonic ancestry]
  1059 | D:2      | Reached XP level 4. HP: 7/33 MP: 4/4
  1410 | D:2      | Found a glowing silver altar of Zin.
  1461 | D:2      | Noticed Sigmund
  1690 | D:2      | Noticed an ogre
  1695 | D:2      | Killed an ogre
  1695 | D:2      | Reached skill level 5 in Stealth
  1695 | D:2      | Reached XP level 5. HP: 38/38 MP: 5/5
  1946 | D:2      | HP: 1/38 [something/magic dart (9)]
  1947 | D:2      | Killed from afar by Sigmund

Skill      XL: |  1  2  3  4 |
---------------+-------------+-----
Dodging        | 1 |  1.0
Throwing       | 2 |  2.0
Short Blades   | 2 3 |  3.1
Stealth        | 4 5 |  5.5
Fighting       | |  2.0

Action                   |  1- 3 |  4- 6 || total
-------------------------+-------+-------++-------
Melee: Dagger            |   113 |    48 ||   161
 Fire: Blowgun           |     3 |     5 ||     8
  Use: Potion            |       |     3 ||     3
 Stab: Sleeping          |     4 |     1 ||     5
  Eat: Chunk             |       |     3 ||     3
Armor: Robe              |    20 |    25 ||    45
Dodge: Dodged            |    44 |    52 ||    96
Block: Other             |     1 |     9 ||    10
